 Dungeon Crawl Stone Soup version 0.30-a0-739-gea05faddec (webtiles) character file.

Game seed: 2922541658450346282

249176 holysushi the Severer (level 18, -15/144 HPs)
             Began as a Demonspawn Warper on Feb 4, 2023.
             Was an Initiate of Gozag.
             Killed by a resonance strike
             ... invoked by Zenata
              (30 damage)
             ... on level 2 of the Elven Halls.
             The game lasted 01:27:54 (64042 turns).

holysushi the Severer (Demonspawn Warper)          Turns: 64042, Time: 01:27:55

Health: -15/144    AC:  3    Str: 12    XL:     18   Next: 87%
Magic:  34/36      EV: 26    Int: 16    God:    Gozag
Gold:   2228       SH: 16    Dex: 24    Spells: 39/45 levels left

rFire   . . .      SeeInvis +    a - +9 broad axe (heavy)
rCold   . . .      Faith    .    c - +0 kite shield
rNeg    . . .      Spirit   .    A - +1 robe of the Jabberwock {Will+ Dex+5}
rPois   .          Reflect  +    (helmet unavailable)
rElec   .          Harm     .    (cloak unavailable)
rCorr   .          Rampage  .    (no gloves)
Will    +++..                    (no boots)
Stlth   +++                      W - amulet of reflection
HPRegen 0.44/turn                N - ring of see invisible
MPRegen 0.25/turn                P - ring of willpower

@: studying Stealth
A: horns 3, demonic guardian 2, ignite blood 1, augmentation 1, weakness stinger
3, demonic touch 2
}: 2/15 runes: serpentine, barnacled
a: Renounce Religion, Potion Petition, Call Merchant, Bribe Branch


You were on level 2 of the Elven Halls.
You worshipped Gozag.
Gozag was most pleased with you.
You visited 6 branches of the dungeon, and saw 28 of its levels.
You also visited: Sewer and Volcano.

You collected 12178 gold pieces.
You spent 3029 gold pieces at shops.
You paid 6921 gold pieces to Gozag.

Inventory:

Hand Weapons
 a - a +9 heavy broad axe (weapon)
 b - a +3 battleaxe of flaming
Missiles
 d - 11 boomerangs of dispersal (quivered)
 j - 26 boomerangs
 n - 5 throwing nets
Armour
 c - a +0 kite shield (worn)
 i - the +4 moon troll leather armour {Spirit, Regen++ MP+5}
   (You took it off a naga ritualist on level 4 of the Snake Pit)

   MP:        It affects your magic capacity (+5).
   Regen:     It increases your rate of health regeneration.
 A - the +1 robe of the Jabberwock (worn) {Will+ Dex+5}
   (You found it on level 5 of the Dungeon)

   Dex:       It affects your dexterity (+5).
   Will:      It increases your willpower.
 D - the +12 chain mail "Linizeavag" {rElec rF+ Will+ Dex+2}
   (You found it on level 4 of the Shoals)

   Dex:       It affects your dexterity (+2).
   rF:        It protects you from fire.
   rElec:     It insulates you from electricity.
   Will:      It increases your willpower.
 Y - the +3 leather armour of Amorality {Harm rElec Regen+ Str+2}
   (You bought it in a shop on level 3 of the Snake Pit)

   Str:       It affects your strength (+2).
   rElec:     It insulates you from electricity.
   Regen:     It increases your rate of health regeneration.
   Harm:      It increases damage dealt and taken.
Jewellery
 m - a ring of poison resistance
 q - a ring of positive energy
 N - a ring of see invisible (left hand)
 P - a ring of willpower (right hand)
 Q - a +6 ring of intelligence
 W - an amulet of reflection (around neck)
Wands
 g - a wand of digging (5)
 y - a wand of light (10)
 B - a wand of flame (31)
 K - a wand of polymorph (5)
 V - a wand of paralysis (18)
 Z - a wand of mindburst (1)
Scrolls
 h - 4 scrolls of amnesia
 k - 7 scrolls of vulnerability
 r - 2 scrolls of fear
 t - 5 scrolls of magic mapping
 u - a scroll of silence
 v - 6 scrolls of fog
 z - 10 scrolls of teleportation
 C - 11 scrolls of identify
 E - 3 scrolls of blinking
 G - 2 scrolls of enchant armour
 L - 2 scrolls of noise
 T - 2 scrolls of summoning
 X - a scroll of poison
Potions
 e - 2 potions of haste
 l - 3 potions of resistance
 o - 5 potions of mutation
 s - 8 potions of might
 w - 3 potions of flight
 x - 9 potions of curing
 F - 3 potions of brilliance
 H - 2 potions of berserk rage
 I - 3 potions of attraction
 J - a potion of magic
 O - 7 potions of lignification
 R - 4 potions of cancellation
 U - 3 potions of ambrosia


   Skills:
 - Level 13.5 Fighting
 - Level 17.9(18.0) Axes
 - Level 2.6(12.0) Maces & Flails
 - Level 1.2(2.1) Staves
 - Level 0.8 Throwing
 - Level 0.8 Armour
 - Level 17.6 Dodging
 - Level 5.0 Stealth
 + Level 4.7 Shields
 - Level 14.0 Spellcasting
 + Level 8.7 Translocations


You had 39 spell levels left.
You knew the following spells:

 Your Spells              Type           Power      Damage    Failure   Level
a - Manifold Assault      Tloc           39%        N/A       4%          4
b - Blink                 Tloc           78%        N/A       1%          2

Your spell library contained the following spells:

 Spells                   Type           Power      Damage    Failure   Level
 Lesser Beckoning         Tloc           78%        N/A       1%          2
 Teleport Other           Tloc           39%        N/A       1%          3
 Vhi's Electric Charge    Tloc/Air       50%        N/A       9%          3
 Kiss of Death            Conj/Necr      44%        2d8       17%         1
 Slow                     Hex            44%        N/A       17%         1
 Sublimation of Blood     Necr           11%        N/A       26%         2
 Wereblood                Tmut           11%        N/A       26%         2
 Confusing Touch          Hex            11%        N/A       45%         3
 Vampiric Draining        Necr           11%        2d6       45%         3
 Anguish                  Hex/Necr       5%         N/A       86%         4
 Dispel Undead            Necr           11%        3d9       86%         4
 Conjure Ball Lightning   Conj/Air       5%         3x3d6     100%        6
 Enfeeble                 Hex            5%         N/A       100%        7
 Summon Hydra             Summ           5%         N/A       100%        7
 Discord                  Hex            5%         N/A       100%        8
 Disjunction              Tloc           19%        N/A       100%        8


Dungeon Overview and Level Annotations

Branches:
Dungeon (11/15) Zot: 25316  Temple (0/1) D:7            Lair (5/5) D:10 Zot: 16438
 Shoals (4/4) Lair:2 Zot: 14159   Snake (4/4) Lair:3 Zot: 8679   Slime (0/5) Lair:4
    Orc (2/2) D:10 Zot: 7527     Elf (2/3) Orc:2 Zot: 6865   Sewer (visited)
Volcano (visited)

Altars:
Cheibriados
Gozag
Nemelex Xobeh
Vehumet

Shops:
D:5 *   D:6 *   D:9 !:![(   D:10 (??[   Orc:1 (   Orc:2 !*:((   Elf:1 =
Shoals:3 *   Snake:1 [:((   Snake:3 [*:[(   Snake:4 =

Portals:
Pandemonium: Orc:2

Annotations:
D:3 Edmund
D:4 exclusions: downstairs and upstairs
D:6 3 runed translucent doors, lambentLogic's ghost, novice KoEn; ragingrage's ghost, novice SpHs; timneilson's ghost, novice GrFi
Lair:4 3 runed translucent doors, Diamem's ghost, adept GnHW
Snake:2 3 runed translucent doors, Kakkoll's ghost, adept DsSu
Snake:3 1 transporter
Snake:4 1 exclusion
Elf:1 9 runed translucent doors, Yakesh's ghost, adept MiFi
Elf:2 3 runed translucent doors, Zenata


Innate Abilities, Weirdness & Mutations

You have a pair of large horns on your head.
A demonic guardian rushes to your aid.
Your demonic aura sometimes causes spilled blood to erupt in flames.
Your magical and physical power is slightly enhanced at high health.
You have a sharp stinger which inflicts weakening toxins.
Your touch may inflict irresistible damage on your foes.


Message History

A blast of power from the earth and the +0 heavy scimitar strikes you!
You slash Zenata!
Zenata is severely wounded.
You slash the +0 heavy scimitar!
The +0 heavy scimitar is engulfed in blazing flames.
The +0 heavy scimitar hits you!!
The +0 heavy scimitar barely misses you.
Zenata is engulfed in blazing flames.
You block Zenata's attack.
You barely miss Zenata. You tail-slap Zenata, but do no damage.
Zenata is severely wounded.
You slash the +0 heavy scimitar!
The +0 heavy scimitar is engulfed in blazing flames.
You block the +0 heavy scimitar's attack.
The +0 heavy scimitar hits you!!
Zenata is engulfed in blazing flames.
You block Zenata's attack.
You hit Zenata.
Your tail-slap misses Zenata.
Zenata is severely wounded.
You miss the +0 heavy scimitar.
You block the +0 heavy scimitar's attack.
The +0 heavy scimitar is engulfed in blazing flames.
The +0 heavy scimitar hits you!!
* * * LOW HITPOINT WARNING * * *
Zenata is engulfed in blazing flames.
Zenata hits you with a +3 bardiche!
* * * LOW HITPOINT WARNING * * *
A demonic guardian appears!
You slice Zenata!!
Zenata is almost dead.
You hit the +0 heavy scimitar but do no damage.
Your sixfirhy hits Zenata but does no damage.
Your sixfirhy barely misses Zenata.
You block the +0 heavy scimitar's attack.
Zenata casts a spell at your sixfirhy.
A blast of power from the earth and the adjacent constructs strikes your sixfirhy!
Your sixfirhy dies!
Your sixfirhy disappears in a puff of smoke!
You block the +0 heavy scimitar's attack.
Zenata gestures at you while chanting.
A blast of power from the earth and the +0 heavy scimitar strikes you!
You die...
Your body crumbles into a pile of gold.

#.##.........#
#..# ..'.....)...#
#.)#
###........[###..#
#.......)).'....#
...##..)...['....#
... ##.....###[..#
#...##§(..## #...#
##....a(### #...#
.##...#@# #..##
..##..#.######..#
!.⌠#..#.........#
..##..#.........#
.##.. #.$#####..#
##.. #..# #..#
#.$# ##''##
####..# ##....##
+...).# #......#


You could see Zenata and 2 dancing weapons.

Vanquished Creatures
  Gastronok (Lair:1)
  16 nagarajas
  Ilsuiw (Shoals:2)
  A fenstrider witch (Shoals:3)
  2 deep elf sorcerers (Elf:2)
  A frost giant (Shoals:4)
  5 deep elf demonologists
  A red draconian (Volcano)
  Josephine (Lair:4)
  2 deep elf death magi (Elf:2)
  8 merfolk impalers
  A fire dragon (Snake:1)
  2 deep elf high priests (Elf:1)
  4 merfolk javelineers
  2 demonspawn (Orc:2)
  4 hydras
  6 alligator snapping turtles
  11 anacondas
  3 salamander tyrants
  7 merfolk avatars
  2 merfolk aquamancers
  A satyr (Shoals:3)
  A two-headed ogre (D:9)
  A boulder beetle (Lair:4)
  20 dancing weapons
  18 naga warriors
  7 death yaks
  5 orc high priests
  20 naga sharpshooters
  8 deep elf knights
  A sun demon (Orc:2)
  Sonja (Orc:1)
  9 shock serpents
  9 sea snakes
  3 salamander mystics
  6 naga ritualists
  13 deep elf archers
  23 deep elf pyromancers
  3 harpies (Shoals:1)
  5 orc knights
  An oklob plant (D:10)
  8 mana vipers
  7 orc sorcerers
  14 fauns
  16 deep elf zephyrmancers
  2 wolf spiders (Lair:5)
  2 cyclopes (Shoals:3)
  15 salamanders
  A faun (shapeshifter) (Elf:1)
  14 manticores
  41 black mambas
  10 guardian serpents
  4 merfolk sirens
  Joseph (D:7)
  11 naga magi
  Maggie (D:6)
  5 water nymphs
  An orange demon (Orc:2)
  11 cane toads
  4 rime drakes
  10 komodo dragons
  19 merfolk
  3 trolls
  3 hornets
  9 polar bears
  7 wind drakes
  13 blink frogs
  16 dream sheep
  7 snapping turtles
  3 raiju (Lair:5)
  An air elemental (Elf:1)
  3 wraiths (Lair:4)
  19 water elementals
  5 basilisks
  13 wyverns
  3 fire elementals
  41 yaks
  A vampire (D:10)
  4 redbacks (Lair:5)
  Grum (D:9)
  7 wargs
  An acid dragon (D:10)
  13 hell hounds (Lair:5)
  48 nagas
  24 water moccasins
  2 ice beasts (D:8)
  29 orc warriors
  Pargi (Sewer)
  12 black bears
  5 ogres
  37 wolves
  5 centaurs
  A kobold brigand (D:9)
  2 scorpions (D:5)
  12 bullfrogs
  5 wights (D:6)
  4 killer bees (D:8)
  2 howler monkeys
  3 electric eels
  A jelly (D:7)
  5 hounds
  A gnoll bouda (D:9)
  18 orc priests
  Ijyb (D:3)
  2 iguanas (D:5)
  11 orc wizards
  7 hell rats (Lair:2)
  7 gnolls
  6 adders
  3 white imps
  An ufetubus (D:6)
  2 worms (D:2)
  2 dart slugs
  74 orcs
  6 ball pythons
  15 bats
  9 endoplasms
  9 giant cockroaches
  14 goblins
  4 hobgoblins
  4 jackals (D:4)
  7 quokkas
  3 training dummies (Orc:2)
  5 frilled lizards
  13 kobolds
  9 rats
1037 creatures vanquished.

Vanquished Creatures (collateral kills)
  Harold (Orc:1)
  A salamander tyrant (Snake:4)
  An anaconda (Snake:3)
  2 naga sharpshooters
  A sea snake (Shoals:4)
  A lindwurm (Lair:5)
  2 fauns (Shoals:1)
  An orc sorcerer (Orc:2)
  2 salamanders (Snake:3)
  A manticore (Shoals:1)
  A merfolk siren (Shoals:4)
  A komodo dragon (D:11)
  3 merfolk
  2 polar bears (Lair:5)
  A water elemental (Shoals:3)
  A naga (Snake:4)
  A hell hound (Lair:5)
  A black bear (Lair:5)
  A hound (D:6)
25 creatures vanquished.

Vanquished Creatures (others)
  An orc wizard (D:3)
  52 fungi
  183 plants
  4 withered plants (D:6)
240 creatures vanquished.

Grand Total: 1302 creatures vanquished

Notes
Turn   | Place    | Note
-------+----------+-------------------------------------------
     0 | D:1      | holysushi the Demonspawn Warper began the quest for the
                  | Orb.
     0 | D:1      | Reached XP level 1. HP: 16/16 MP: 3/3
   103 | D:1      | Discovered your monstrous ancestry.
   103 | D:1      | Gained mutation: You have a small tail. [demonic ancestry]
   103 | D:1      | Reached XP level 2. HP: 11/22 MP: 5/5
   429 | D:1      | Gained mutation: Your demonic aura sometimes causes spilled
                  | blood to erupt in flames. [demonic ancestry]
   429 | D:1      | Reached XP level 3. HP: 28/28 MP: 6/6
   565 | D:1      | Reached skill level 5 in Dodging
   565 | D:1      | Reached skill level 5 in Translocations
   565 | D:1      | Reached XP level 4. HP: 9/40 MP: 7/10
   584 | D:1      | HP: 2/40 [frilled lizard (3)]
   645 | D:1      | Learned a level 4 spell: Manifold Assault
  2030 | D:3      | Gained mutation: You have a pair of small horns on your
                  | head. [demonic ancestry]
  2030 | D:3      | Reached XP level 5. HP: 42/46 MP: 11/11
  2050 | D:3      | Noticed Ijyb
  2090 | D:3      | Killed Ijyb
  2190 | D:3      | Found a glowing drain.
  2229 | Sewer    | Entered a sewer
  2419 | Sewer    | Noticed Pargi
  2430 | Sewer    | Killed Pargi
  2431 | Sewer    | Reached XP level 6. HP: 41/52 MP: 12/12
  2594 | D:3      | Found a snail-covered altar of Cheibriados.
  2650 | D:3      | HP: 2/52 [orc priest/divine providence (10)]
  3235 | D:3      | Reached skill level 1 in Staves
  3337 | D:3      | Found a faded altar of an unknown god.
  3403 | D:3      | Found a sparkling altar of Nemelex Xobeh.
  3665 | D:4      | Noticed Edmund
  4007 | D:4      | Reached skill level 1 in Axes
  4370 | D:4      | Learned a level 2 spell: Blink
  4390 | D:5      | Entered Level 5 of the Dungeon
  4390 | D:5      | Noticed a water moccasin
  4770 | D:5      | Gained mutation: Your touch may inflict minor irresistible
                  | damage on your foes. [demonic ancestry]
  4770 | D:5      | Reached XP level 7. HP: 52/58 MP: 7/13
  4913 | D:5      | Found Zin's Purification Station.
  5094 | D:5      | Bought a potion of curing for 90 gold pieces
  5260 | D:5      | Found Gojerphi's General Store.
  5466 | D:5      | Identified the +1 robe of the Jabberwock {Will+ Dex+5}
  5536 | D:5      | Gained mutation: A weak demonic guardian rushes to your
                  | aid. [demonic ancestry]
  5536 | D:5      | Reached XP level 8. HP: 60/64 MP: 14/14
  6203 | D:6      | Noticed Maggie
  6205 | D:6      | Found a runed translucent gate.
  6210 | D:6      | Killed Maggie
  6211 | D:6      | Reached skill level 5 in Axes
  6211 | D:6      | Found a runed translucent gate.
  6220 | D:6      | Found a runed translucent gate.
  6277 | D:6      | Noticed lambentLogic's ghost (novice KoEn)
  6277 | D:6      | Noticed ragingrage's ghost (novice SpHs)
  6277 | D:6      | Noticed timneilson's ghost (novice GrFi)
  7278 | D:6      | Found Urcheg Igerphi's General Store.
  7288 | D:6      | Bought a scroll of enchant weapon for 82 gold pieces
  7711 | D:7      | Noticed Joseph
  8045 | D:7      | Found an opulent altar of Gozag.
  8056 | D:7      | Found an opulent altar of Gozag.
  8056 | D:7      | Found an opulent altar of Gozag.
  8064 | D:7      | Found an opulent altar of Gozag.
  8076 | D:7      | Reached XP level 9. HP: 69/69 MP: 15/15
  8243 | D:7      | Found a staircase to the Ecumenical Temple.
  8280 | D:7      | Became a worshipper of Gozag Ym Sagoz the Greedy
  8793 | D:7      | Killed Joseph
  9585 | D:8      | Paralysed by a hornet for 2 turns
 10655 | D:9      | Found Esadd's Book Emporium.
 10719 | D:9      | Found Soxiediw's Distillery.
 10721 | D:9      | Found Boeletai's Weapon Shop.
 10721 | D:9      | Found Jaczast's Distillery.
 10733 | D:9      | Gained mutation: You have a pair of horns on your head.
                  | [demonic ancestry]
 10733 | D:9      | Reached XP level 10. HP: 65/76 MP: 1/16
 10766 | D:9      | Found Kafengov's Antique Armour Shop.
 10785 | D:9      | Bought a potion of haste for 140 gold pieces
 11101 | D:9      | Noticed a two-headed ogre
 11105 | D:9      | Killed a two-headed ogre
 11212 | D:9      | Found the +18 Lear's hauberk
 11275 | D:9      | Identified the amulet of Nataum {Faith *Slow rPois rF+++
                  | Slay-3}
 11364 | D:9      | Noticed Grum
 11567 | D:9      | Killed Grum
 13016 | D:10     | Entered Level 10 of the Dungeon
 13147 | D:10     | Found a staircase to the Lair.
 13147 | D:10     | Noticed an oklob plant
 14271 | D:10     | Gained mutation: You have a tail ending in a sharp stinger.
                  | [demonic ancestry]
 14271 | D:10     | Reached XP level 11. HP: 75/81 MP: 1/17
 14386 | D:10     | Found a staircase to the Orcish Mines.
 14388 | D:10     | Found Hyukat's Weapon Shop.
 14635 | D:11     | Reached skill level 10 in Dodging
 14816 | D:9      | Bought a +3 battleaxe of flaming for 401 gold pieces
 15188 | D:10     | Killed an oklob plant
 15302 | Lair:1   | Entered Level 1 of the Lair of Beasts
 15413 | Lair:1   | Noticed Gastronok
 15705 | Lair:1   | Killed Gastronok
 15706 | Lair:1   | Reached skill level 10 in Axes
 15707 | Lair:1   | HP: 2/81 [komodo dragon (27)]
 16328 | Lair:1   | Reached skill level 1 in Stealth
 17885 | Lair:2   | Noticed a death yak
 17887 | Lair:2   | Noticed a death yak
 17887 | Lair:2   | Noticed a death yak
 18190 | Lair:2   | You fall into a shaft and drop 2 floors!
 18322 | Lair:3   | Noticed a four-headed hydra
 18328 | Lair:3   | Killed a one-headed hydra
 18329 | Lair:3   | Gained mutation: You have a pair of large horns on your
                  | head. [demonic ancestry]
 18329 | Lair:3   | Reached XP level 12. HP: 88/88 MP: 1/19
 18502 | Lair:3   | Reached skill level 5 in Spellcasting
 18810 | Lair:3   | Found a staircase to the Snake Pit.
 19616 | Lair:4   | Noticed a five-headed hydra
 19625 | Lair:4   | Killed a one-headed hydra
 20093 | Lair:4   | Noticed a seven-headed hydra
 20103 | Lair:4   | Killed a three-headed hydra
 20256 | Lair:4   | Noticed a boulder beetle
 20279 | Lair:4   | Killed a boulder beetle
 20616 | Lair:4   | Noticed Josephine
 20625 | Lair:4   | Killed Josephine
 21043 | Lair:4   | Found a runed translucent gate.
 21043 | Lair:4   | Found a runed translucent gate.
 21043 | Lair:4   | Found a runed translucent gate.
 21175 | Lair:4   | Found a staircase to the Slime Pits.
 21417 | Lair:4   | Noticed Diamem's ghost (adept GnHW)
 21447 | Lair:5   | Entered Level 5 of the Lair of Beasts
 21501 | Lair:5   | Found a dark tunnel.
 21547 | Volcano  | Entered a volcano
 21604 | Volcano  | Noticed a red draconian
 21629 | Volcano  | Killed a red draconian
 21799 | Lair:5   | Gained mutation: Your magical and physical power is
                  | slightly enhanced at high health. [demonic ancestry]
 21799 | Lair:5   | Reached XP level 13. HP: 93/93 MP: 23/23
 25535 | Lair:5   | Reached skill level 15 in Dodging
 26208 | Lair:5   | HP: 3/93 [polar bear (4)]
 26223 | Lair:5   | Gained mutation: Your touch may inflict irresistible damage
                  | on your foes. [demonic ancestry]
 26223 | Lair:5   | Reached XP level 14. HP: 34/100 MP: 3/24
 28598 | Lair:2   | Found a staircase to the Shoals.
 29192 | D:10     | Bought a scroll of teleportation for 39 gold pieces
 29192 | D:10     | Bought a scroll of enchant weapon for 97 gold pieces
 29192 | D:10     | Bought a scroll of teleportation for 39 gold pieces
 29202 | D:10     | Bought a scroll of enchant weapon for 105 gold pieces
 29202 | D:10     | Bought a scroll of teleportation for 42 gold pieces
 29202 | D:10     | Bought a scroll of identify for 28 gold pieces
 29202 | D:10     | Bought a scroll of identify for 28 gold pieces
 29202 | D:10     | Bought a scroll of identify for 28 gold pieces
 29262 | Orc:1    | Entered Level 1 of the Orcish Mines
 29264 | Orc:1    | Noticed Harold
 29277 | Orc:1    | Killed Harold
 29885 | Orc:1    | Noticed Sonja
 29887 | Orc:1    | Killed Sonja
 29928 | Orc:1    | You fall into a shaft and drop 1 floor!
 29928 | Orc:2    | Entered Level 2 of the Orcish Mines
 30034 | Orc:2    | Found Axyci's Firing Range.
 30236 | Orc:2    | Found a staircase to the Elven Halls.
 30910 | Orc:2    | Found Gosuz's Distillery.
 31046 | Orc:2    | Found Webezu's General Store.
 31634 | Orc:2    | Reached skill level 15 in Axes
 31776 | Orc:2    | Reached skill level 5 in Stealth
 32536 | Orc:1    | Found Juckyej's Weapon Shoppe.
 33524 | Orc:2    | Found Zoeps's Antique Weapon Boutique.
 33524 | Orc:2    | Found a one-way gate leading to the halls of Pandemonium.
 33524 | Orc:2    | Found Zongio's Book Shop.
 33885 | Snake:1  | Entered Level 1 of the Snake Pit
 34314 | Snake:1  | Found Baivau's Antique Weapon Shop.
 34553 | Snake:1  | Found Wuciocs's Weapon Shop.
 34563 | Snake:1  | Found Siemidoa's Book Shop.
 34643 | Snake:1  | Gained mutation: A demonic guardian rushes to your aid.
                  | [demonic ancestry]
 34643 | Snake:1  | Reached XP level 15. HP: 110/110 MP: 13/26
 35214 | Snake:1  | Found an opulent altar of Gozag.
 35801 | Snake:1  | Found Poimm's Superior Scales.
 38729 | Snake:2  | Found a runed translucent gate.
 38729 | Snake:2  | Found a runed translucent gate.
 38729 | Snake:2  | Found a runed translucent gate.
 38735 | Snake:2  | Reached skill level 10 in Spellcasting
 39034 | Snake:2  | Noticed Kakkoll's ghost (adept DsSu)
 39894 | Snake:3  | Found Ysenn's Book Shoppe.
 39911 | Snake:3  | Noticed a nagaraja
 39919 | Snake:3  | Killed a nagaraja
 40241 | Snake:3  | Found Reunaok's Assorted Antiques.
 40253 | Snake:3  | Bought a scroll of blinking for 292 gold pieces
 40666 | Snake:3  | Reached XP level 16. HP: 65/117 MP: 13/30
 40998 | Snake:3  | Found Wekh's Armour Shop.
 41835 | Snake:3  | Found Ruagg's Antique Armour Shop.
 41836 | Snake:3  | Found a transporter.
 41843 | Snake:3  | Bought a pair of runed gloves for 247 gold pieces
 41843 | Snake:3  | Bought a dazzling leather armour for 231 gold pieces
 41843 | Snake:3  | Identified the +3 leather armour of Amorality {Harm rElec
                  | Regen+ Str+2} (You bought it in a shop on level 3 of the
                  | Snake Pit)
 41843 | Snake:3  | Bought a runed orb for 396 gold pieces
 42058 | Snake:3  | Found a radiant altar of Vehumet.
 42199 | Snake:4  | Entered Level 4 of the Snake Pit
 43915 | Snake:4  | Identified the +7 spear "Yrphedui" {heavy, rElec rPois rF-
                  | Int+3}
 47613 | Snake:4  | Gained mutation: You have a sharp stinger which inflicts
                  | weakening toxins. [demonic ancestry]
 47613 | Snake:4  | Reached XP level 17. HP: 114/124 MP: 24/35
 48157 | Snake:4  | Identified the +1 scale mail "Zesepaub" {rPois rC++ Will-
                  | Slay+2}
 48162 | Snake:4  | Got a serpentine rune of Zot
 49005 | Shoals:1 | Entered Level 1 of the Shoals
 49926 | Shoals:1 | Identified the +1 quarterstaff "Yhyofem" {heavy, Str+5
                  | Dex+2}
 51034 | Shoals:2 | Reached skill level 10 in Fighting
 52212 | Shoals:2 | Noticed Ilsuiw
 52365 | Shoals:2 | Killed Ilsuiw
 52782 | Snake:3  | Bought the +7 mace of Variability {chaos, chain chaos} for
                  | 660 gold pieces
 52782 | Snake:3  | Found the +7 mace of Variability {chaos, chain chaos}
 52958 | Shoals:3 | Found Ihuavor's General Store.
 53257 | Shoals:3 | Identified the +0 pair of boots "Mil Ogyu" {Harm *Corrode
                  | rPois Will-}
 54237 | Shoals:3 | Identified the amulet of the Mashing Hero {Faith Will+
                  | Int+3}
 55284 | Shoals:4 | Entered Level 4 of the Shoals
 55325 | Shoals:3 | Bought a scroll of teleportation for 42 gold pieces
 55325 | Shoals:3 | Bought a scroll of teleportation for 42 gold pieces
 57542 | Shoals:4 | Identified the +2 halberd of Rirudgha {heavy, rF+}
 57708 | Shoals:4 | Got a barnacled rune of Zot
 57815 | Shoals:4 | Reached XP level 18. HP: 140/140 MP: 25/36
 58102 | Shoals:4 | Identified the +12 chain mail "Linizeavag" {rElec rF+ Will+
                  | Dex+2}
 58925 | Elf:1    | Entered Level 1 of the Elven Halls
 59932 | Elf:1    | Found a runed translucent gate.
 59932 | Elf:1    | Found a runed translucent gate.
 59932 | Elf:1    | Found a runed translucent gate.
 59932 | Elf:1    | Found a runed translucent gate.
 59932 | Elf:1    | Found a runed translucent gate.
 59940 | Elf:1    | Found a runed translucent gate.
 60811 | Elf:1    | Found a runed translucent gate.
 60812 | Elf:1    | Found a runed translucent gate.
 60812 | Elf:1    | Found a runed translucent gate.
 60817 | Elf:1    | Noticed Yakesh's ghost (adept MiFi)
 62401 | Elf:2    | Noticed Zenata
 62656 | Elf:2    | Reached skill level 1 in Shields
 63961 | Elf:2    | Found a runed translucent gate.
 63962 | Elf:2    | Found a runed translucent gate.
 63962 | Elf:2    | Found a runed translucent gate.
 64042 | Elf:2    | Killed from afar by Zenata

Illustrated notes

Levels and vault maps discovered:
D:1:      roderic_crop_circles_arrival_small, layout_loops_ring, serial_forest,
          infiniplex_forest_corner_1, infiniplex_forest_lined_room_2,
          infiniplex_forest_straight_5, infiniplex_forest_straight_1,
          infiniplex_forest_clump_curved, minmay_distorted
D:2:      layout_rooms
D:3:      layout_basic, lemuel_doored_altar, nemelex_dance_club_becter,
          gup_sewer_entry_pipe, chequers_ecumenical_altar_island,
          roderic_batcave, minmay_misc_feat_roman, uniq_ijyb
D:4:      nicolae_BIG_FREAKIN_CUBE, layout_rooms, uniq_edmund
D:5:      layout_gridville, zin_purify, serial_shops, shop
D:6:      layout_layer_cave, gammafunk_ghost_cemetery, serial_shops,
          nicolae_lakefront_shop, minmay_misc_feat_tiny, uniq_maggie
D:7:      layout_loops_ring, nicolae_gozag_conspicuous_consumption,
          minmay_temple_entry_large_hall, uniq_joseph
D:8:      layout_gridville, minivault_4
D:9:      layout_long_grid, serial_shops, shop, special_room [special_room_orc],
          kennysheep_cross_bottleneck, minivault_25_ag, minmay_shop_grid_forest,
          dreamdust_princess_bridge, uniq_grum
D:10:     layout_grid_maze, dpeg_oklobed_lair, serial_shops,
          nicolae_shop_temple_entry_statues_fountains,
          wad_floor_pattern_untrapped
D:11:     layout_roguey
Lair:1:   layout_regular_city, infiniplex_staircase_pool, serial_bayou_shore_a,
          lemuel_fruit_tree, uniq_gastronok
Lair:2:   layout_loops_ring, elwin_shoals_entry_rooms, serial_bayou_crossing
Lair:3:   layout_gridlike, minmay_snake_entry_guardpost_small,
          chequers_serial_rivers_small_a
Lair:4:   layout_cave_pods, dpeg_slime_entry_enclosed,
          gammafunk_ghost_necromancy, gauntlet_entry_generic, minivault_27,
          nicolae_quartered_pool_medium, grunt_forest_small_clearings,
          grunt_megastairs_1, uniq_josephine
Lair:5:   hangedman_lair_tendril_chambers, layout_loops_ring,
          hangedman_lair_caniforms_friends, nicolae_volcano_entry_vermiform,
          serial_bayou_pond_c, chequers_serial_rivers_marsh
Shoals:1: layout_shoals, nicolae_shoals_lost_giant_pillars
Shoals:2: layout_shoals, uniq_ilsuiw
Shoals:3: layout_shoals, serial_shops, nicolae_take_the_stairs,
          nicolae_shoals_beach_house_on_fowls_legs
Shoals:4: shoals_end_grunt_ice, layout_shoals,
          nicolae_shoals_arrival_archipelago
Snake:1:  layout_chambers, basic_altar, serial_shops, shop, hellmonk_scale_shop,
          minmay_shop_star, grunt_megastairs_2
Snake:2:  layout_grid_maze, gammafunk_ghost_split
Snake:3:  gammafunk_sealed_library, layout_gridlike, serial_shops, shop,
          nicolae_stop_n_shop_1, shop, shop
Snake:4:  grunt_snake_rune_spirals, layout_onion_interference,
          nicolae_snake_storage_room
Orc:1:    layout_diamond_mine, serial_shops, nicolae_shop_crystal, uniq_harold,
          uniq_sonja
Orc:2:    pf_orc_diabolical, layout_caves, nicolae_shop_firing_range
Elf:1:    eino_elf_arrival_sip, layout_geoelf_octagon,
          ebering_ghost_rock_garden, orc_legates
Elf:2:    nicolae_elf_blades_crystal_corner, layout_gridlike,
          hellmonk_ghost_happy_afterlife, uniq_zenata

Skill      XL: |  1  2  3  4  5  6  7  8  9 10 11 12 13 14 15 16 17 18 |
---------------+-------------------------------------------------------+-----
Maces & Flails | 2 |  2.6
Fighting       | 6 8 12 13 | 13.5
Dodging        | 5 6 8 9 11 12 15 16 17 | 17.6
Spellcasting   | 4 7 10 14 | 14.0
Translocations | 5 6 8 |  8.7
Staves         | 1 |  1.2
Axes           | 1 4 5 7 9 10 12 13 15 17 | 17.9
Stealth        | 3 5 |  5.0
Shields        | 4 |  4.7
Throwing       | |  0.8
Armour         | |  0.8

Action                     |  1- 3 |  4- 6 |  7- 9 | 10-12 | 13-15 | 16-18 || total
---------------------------+-------+-------+-------+-------+-------+-------++-------
  Melee: Mace              |    23 |   117 |       |       |       |       ||   140
         Short sword       |    51 |    41 |       |       |       |       ||    92
         Tailslap          |    10 |    45 |    20 |    35 |    52 |    22 ||   184
         Punch             |     1 |     4 |     3 |     1 |     2 |     1 ||    12
         Dagger            |       |   141 |       |       |       |       ||   141
         Unarmed           |       |    14 |       |       |       |       ||    14
         Headbutt          |       |    33 |    18 |    44 |    82 |    26 ||   203
         Hand axe          |       |    73 |    78 |       |       |       ||   151
         Touch             |       |       |    20 |    29 |    15 |    16 ||    80
         Broad axe         |       |       |    92 |   362 |   629 |  1336 ||  2419
         Battleaxe         |       |       |       |   137 |   505 |       ||   642
   Cast: Manifold Assault  |       |    25 |    59 |   202 |   549 |   868 ||  1703
         Blink             |       |       |     1 |       |       |       ||     1
 Invoke: Potion Petition   |       |       |       |       |     3 |       ||     3
         Call Merchant     |       |       |       |       |     4 |     2 ||     6
  Evoke: Wand              |       |       |     3 |     6 |     2 |       ||    11
    Use: Potion            |     1 |     4 |       |     5 |     4 |     2 ||    16
         Scroll            |       |    13 |     8 |     8 |    15 |     4 ||    48
   Stab: Sleeping          |       |     1 |       |     3 |     5 |       ||     9
         Distracted        |       |       |     1 |     3 |     2 |     3 ||     9
         Invisible         |       |       |       |     5 |       |       ||     5
 Armour: Leather armour    |    25 |    98 |     5 |       |       |       ||   128
         Skin              |       |    47 |       |       |       |       ||    47
         Robe              |       |       |    15 |    38 |    25 |     3 ||    81
         Troll leather arm |       |       |       |       |       |    17 ||    17
  Dodge: Dodged            |    62 |   293 |   156 |   310 |   535 |   284 ||  1640
  Block: Other             |       |       |       |       |       |    18 ||    18
         Kite shield       |       |       |       |       |       |    18 ||    18
         Reflection        |       |       |       |       |       |     8 ||     8

Table legend: (Time is in decaauts)
 A = Elapsed time spent in this place.
 B = Non-inter-level travel time spent in this place.
 C = Inter-level travel time spent in this place.
 D = Time resting spent in this place.
 E = Time spent auto-exploring this place.
 F = Levels seen in this place.
 G = Mean time per level.
                   A        B        C        D        E       F      G
               +--------+--------+--------+--------+--------+-----+--------+
         Total |  65044 |  62645 |   2399 |  26378 |  26420 |  30 | 2168.1 |
       Dungeon |  16273 |  15543 |    730 |   5363 |   7172 |  11 | 1479.4 |
          Lair |  13561 |  12950 |    611 |   3970 |   6999 |   5 | 2712.2 |
        Shoals |   9841 |   9494 |    347 |   3933 |   4320 |   4 | 2460.2 |
     Snake Pit |  15320 |  14862 |    458 |   8415 |   4289 |   4 | 3830.0 |
  Orcish Mines |   4472 |   4265 |    207 |   2261 |   1369 |   2 | 2236.0 |
   Elven Halls |   5133 |   5089 |     44 |   2244 |   2177 |   2 | 2566.5 |
         Sewer |    253 |    253 |      0 |     91 |     93 |   1 |  253.0 |
       Volcano |    189 |    189 |      0 |     99 |      0 |   1 |  189.0 |
               +--------+--------+--------+--------+--------+-----+--------+

Top non-repeatable levels by time:
 Snake:4: 5265 daAuts
  Lair:5: 4868 daAuts
 Snake:1: 3666 daAuts
 Snake:3: 3533 daAuts
   Orc:2: 3501 daAuts
   Elf:1: 3475 daAuts
Shoals:3: 2963 daAuts
  Lair:4: 2897 daAuts
 Snake:2: 2856 daAuts
Shoals:4: 2796 daAuts
     D:9: 2721 daAuts
    D:10: 2713 daAuts
Shoals:1: 2230 daAuts
  Lair:2: 2159 daAuts
  Lair:1: 1945 daAuts
